 Dungeon Crawl Stone Soup version 0.31-a0-177-g4aa6249778 (webtiles) character file.

Game seed: 2645490310061999465

372 qw the Shooter (level 6, -5/57 HPs)
             Began as a Naga Hunter on June 18, 2023.
             Slain by a vampire (9 damage)
             ... on level 5 of the Dungeon.
             The game lasted 00:01:09 (3277 turns).

qw the Shooter (Naga Hunter)                        Turns: 3277, Time: 00:01:10

Health: -5/57      AC:  4    Str: 13 (14) XL:     6   Next: 71%
Magic:  6/6        EV:  9    Int:  9      God:
Gold:   225        SH:  0    Dex: 15 (16) Spells: 5/5 levels left

rFire   . . .        Y - +0 shortbow
rCold   . . .        (shield currently unavailable)
rNeg    . . .        c - +0 leather armour
rPois   +            k - +0 helmet
rElec   .            (no cloak)
rCorr   .            (no gloves)
SInv    +            (no barding)
Will    .....        (no amulet)
Stlth   ++           b - +4 ring of slaying {mikee}
HPRegen 0.29/turn    (no ring)
MPRegen 0.10/turn

%: no passive effects
@: very slow
A: AC +2, large, see invisible, deformed body, poison resistance, slowness 2,
spit poison 1, naga tail 1, deterioration 1
a: Spit Poison


You were on level 5 of the Dungeon.
You visited 1 branch of the dungeon, and saw 5 of its levels.

You collected 225 gold pieces.


Innate Abilities, Weirdness & Mutations

Your serpentine skin is tough. (AC +2)
You have supernaturally acute eyesight. (SInv)
Armour fits poorly on your strangely shaped body.
Your system is resistant to poisons. (rPois)
You cover ground very slowly.
You can spit poison.
You have a snake-like lower body.
Your body sometimes deteriorates upon taking damage.


   Skills:
 - Level 4.0 Fighting
 + Level 6.3 Ranged Weapons
 - Level 1.5 Dodging
 - Level 1.5 Stealth


You had 5 spell levels left.
You didn't know any spells.
Your spell library was empty.

Inventory:

Hand Weapons
 Y - a +0 shortbow (weapon)
Armour
 c - a +0 leather armour (worn)
 k - a +0 helmet (worn)
Jewellery
 a - a ring of fire
 b - a +4 ring of slaying (left hand) {mikee}
Scrolls
 n - a scroll of identify
Potions
 d - 3 potions of curing
 e - a potion of degeneration {unknown}
 f - a potion of enlightenment
 g - a potion of attraction {unknown}
 h - a potion of heal wounds {unknown}
 j - a potion of mutation
 o - 2 potions of invisibility {unknown}

Dungeon Overview and Level Annotations

Branches:
Dungeon (5/15)
 Temple: D:4-7

Altars:
Elyvilon
Yredelemnul

Shops:
D:4 *

Annotations:
D:2 1 runed translucent door, Crazy Yiuf
D:4 1 runed translucent door, qw's ghost, amateur GrHu


Message History

As you open the door, it creaks loudly!
You float gracefully downwards.
Your enlightenment fades.
There is an open door here.
A vampire comes into view.
You shoot an arrow. The arrow hits the vampire.
The vampire is lightly damaged.
You shoot an arrow.
The arrow hits the vampire but does no damage.
The vampire is lightly damaged.
You shoot an arrow. The arrow hits the vampire.
The vampire is moderately damaged.
You shoot an arrow.
The arrow hits the vampire but does no damage.
The vampire is moderately damaged.
You shoot an arrow.
The arrow hits the vampire but does no damage.
The vampire is moderately damaged.
The vampire hits you. The vampire bites you!
Your body deteriorates!
You feel clumsy.
The vampire draws strength from your injuries!
You shoot an arrow. The arrow hits the vampire.
The vampire is lightly damaged.
The vampire hits you!
Your body deteriorates!
You feel weakened. The vampire bites you.
The vampire draws strength from your injuries!
The vampire hits you. The vampire closely misses you.
You shoot an arrow. The arrow hits the vampire.
The vampire is lightly damaged.
The vampire closely misses you. The vampire barely misses you.
You shoot an arrow. The arrow hits the vampire.
The vampire is lightly damaged.
The vampire hits you. The vampire closely misses you.
You shoot an arrow. The arrow closely misses the vampire.
The vampire hits you!
The vampire bites you but does no damage.
You shoot an arrow. The arrow barely misses the vampire.
The vampire hits you! The vampire bites you!
You die...

#...# #...#
#...# #...#
#...# #...#
#...##### .
#...'...####....
#...###.@V......
#...<##.#####.##
#..............
##########.####
#.# ###


You could see a vampire.

Vanquished Creatures
  A bullfrog (D:4)
  A scorpion (D:4)
  A jelly (D:3)
  A hound (D:4)
  A sleepcap (D:4)
  Robin (D:4)
  5 adders
  A shadow imp (D:5)
  2 dart slugs (D:1)
  8 ball pythons
  7 endoplasms
  4 giant cockroaches
  10 hobgoblins
  7 jackals
  6 kobolds
  3 quokkas
  A bat (D:1)
  4 frilled lizards
  18 goblins
  8 rats
90 creatures vanquished.

Notes
Turn   | Place    | Note
-------+----------+-------------------------------------------
     0 | D:1      | qw the Naga Hunter began the quest for the Orb.
     0 | D:1      | Reached XP level 1. HP: 19/19 MP: 1/1
     0 | D:1      | 0 ||| qw: Version: 0.3-a-5-g6f28e65
     0 | D:1      | 0 ||| qw: Game counter: 610
     0 | D:1      | 0 ||| qw: Always use a shield: true
     0 | D:1      | 0 ||| qw: God list: Okawaru
     0 | D:1      | 0 ||| qw: Allow faded altars: false
     0 | D:1      | 0 ||| qw: Do Orc after D:15 true
     0 | D:1      | 0 ||| qw: Do second Lair branch before Depths: true
     0 | D:1      | 0 ||| qw: Lair rune preference: random
     0 | D:1      | 0 ||| qw: Plans: Normal
     0 | D:1      | 0 ||| PLANNING D:1-11
     7 | D:1      | 7 ||| FLEEEEING.
     8 | D:1      | 8 ||| FLEEEEING.
    11 | D:1      | 11 ||| INVOKING Spit Poison.
    12 | D:1      | 12 ||| INVOKING Spit Poison.
    20 | D:1      | 20 ||| INVOKING Spit Poison.
    25 | D:1      | 25 ||| INVOKING Spit Poison.
    42 | D:1      | 42 ||| INVOKING Spit Poison.
    47 | D:1      | Reached skill level 4 in Ranged Weapons
    47 | D:1      | Reached XP level 2. HP: 26/26 MP: 2/2
    54 | D:1      | 54 ||| INVOKING Spit Poison.
    59 | D:1      | 59 ||| INVOKING Spit Poison.
    64 | D:1      | 64 ||| INVOKING Spit Poison.
   216 | D:1      | 216 ||| INVOKING Spit Poison.
   234 | D:1      | Found Jaeme's Jewellery Emporium.
   277 | D:1      | 277 ||| INVOKING Spit Poison.
   278 | D:1      | Found a faded altar of an unknown god.
   287 | D:1      | 287 ||| INVOKING Spit Poison.
   292 | D:1      | 292 ||| INVOKING Spit Poison.
   308 | D:1      | 308 ||| INVOKING Spit Poison.
   315 | D:1      | 315 ||| INVOKING Spit Poison.
   321 | D:1      | Reached XP level 3. HP: 29/32 MP: 3/3
   340 | D:1      | 340 ||| INVOKING Spit Poison.
   363 | D:1      | 363 ||| INVOKING Spit Poison.
   372 | D:1      | 372 ||| INVOKING Spit Poison.
   375 | D:1      | 375 ||| INVOKING Spit Poison.
   388 | D:1      | 388 ||| INVOKING Spit Poison.
   391 | D:1      | 391 ||| INVOKING Spit Poison.
   437 | D:1      | 437 ||| INVOKING Spit Poison.
   442 | D:1      | 442 ||| INVOKING Spit Poison.
   463 | D:1      | 463 ||| INVOKING Spit Poison.
   468 | D:1      | 468 ||| INVOKING Spit Poison.
   570 | D:1      | 570 ||| INVOKING Spit Poison.
   627 | D:1      | 627 ||| INVOKING Spit Poison.
   783 | D:1      | 783 ||| INVOKING Spit Poison.
   811 | D:1      | 811 ||| READING scroll labelled ICKUONT HAUFI.
   812 | D:1      | 812 ||| DRINKING 3 fuming black potions.
   813 | D:1      | 813 ||| DROPPING scroll of butterflies.
   858 | D:2      | 858 ||| INVOKING Spit Poison.
  1079 | D:2      | Found a white marble altar of Elyvilon.
  1235 | D:2      | 1235 ||| INVOKING Spit Poison.
  1239 | D:2      | 1239 ||| INVOKING Spit Poison.
  1242 | D:2      | Reached skill level 5 in Ranged Weapons
  1242 | D:2      | Reached XP level 4. HP: 23/39 MP: 4/4
  1411 | D:2      | Found a runed translucent door.
  1412 | D:2      | Noticed Crazy Yiuf
  1455 | D:2      | 1455 ||| READING scroll labelled KAASHR MUYL WUO.
  1456 | D:2      | 1456 ||| READING scroll labelled HUXKOKHULL.
  1528 | D:3      | 1528 ||| INVOKING Spit Poison.
  1531 | D:3      | 1531 ||| INVOKING Spit Poison.
  1535 | D:3      | 1535 ||| INVOKING Spit Poison.
  1552 | D:3      | Reached skill level 3 in Fighting
  1567 | D:3      | 1567 ||| INVOKING Spit Poison.
  1582 | D:3      | 1582 ||| INVOKING Spit Poison.
  1598 | D:3      | 1598 ||| INVOKING Spit Poison.
  1630 | D:3      | 1630 ||| INVOKING Spit Poison.
  1644 | D:3      | 1644 ||| INVOKING Spit Poison.
  1645 | D:3      | Reached XP level 5. HP: 49/49 MP: 5/5
  1654 | D:3      | 1654 ||| INVOKING Spit Poison.
  1658 | D:3      | 1658 ||| INVOKING Spit Poison.
  1918 | D:3      | 1918 ||| INVOKING Spit Poison.
  1966 | D:3      | 1966 ||| INVOKING Spit Poison.
  2083 | D:3      | Found a white marble altar of Elyvilon.
  2089 | D:3      | 2089 ||| UPGRADING to +4 ring of slaying {mikee}.
  2090 | D:3      | 2090 ||| READING scroll labelled YRAFYJIEMAS.
  2171 | D:3      | 2171 ||| READING scroll labelled BARIOR QOUDY.
  2172 | D:3      | 2172 ||| READING scroll labelled DADUHOCVUL.
  2175 | D:3      | 2175 ||| DRINKING 2 sapphire potions.
  2175 | D:3      | Gained mutation: Your body sometimes deteriorates upon
                  | taking damage. [potion of mutation]
  2216 | D:4      | 2216 ||| INVOKING Spit Poison.
  2221 | D:4      | 2221 ||| INVOKING Spit Poison.
  2228 | D:4      | 2228 ||| FLEEEEING.
  2229 | D:4      | 2229 ||| FLEEEEING.
  2230 | D:4      | 2230 ||| FLEEEEING.
  2232 | D:4      | 2232 ||| STAIRDANCE
  2266 | D:4      | 2266 ||| INVOKING Spit Poison.
  2270 | D:4      | 2270 ||| INVOKING Spit Poison.
  2371 | D:4      | Found Usaiw's Overcharged Wands.
  2379 | D:4      | 2379 ||| SHOPLISTING wand of digging (11) (693 gold, have
                  | 225).
  2385 | D:4      | 2385 ||| INVOKING Spit Poison.
  2402 | D:4      | 2402 ||| INVOKING Spit Poison.
  2406 | D:4      | 2406 ||| INVOKING Spit Poison.
  2419 | D:4      | 2419 ||| INVOKING Spit Poison.
  2453 | D:4      | Noticed Robin
  2454 | D:4      | 2454 ||| INVOKING Spit Poison.
  2459 | D:4      | Reached skill level 6 in Ranged Weapons
  2460 | D:4      | 2460 ||| INVOKING Spit Poison.
  2465 | D:4      | Killed Robin
  2466 | D:4      | Reached XP level 6. HP: 39/56 MP: 6/6
  2467 | D:4      | 2467 ||| INVOKING Spit Poison.
  2473 | D:4      | 2473 ||| INVOKING Spit Poison.
  2476 | D:4      | 2476 ||| INVOKING Spit Poison.
  2481 | D:4      | 2481 ||| INVOKING Spit Poison.
  2500 | D:4      | 2500 ||| INVOKING Spit Poison.
  2503 | D:4      | 2503 ||| INVOKING Spit Poison.
  2511 | D:4      | HP: 14/57 [poisoned by a scorpion]
  2552 | D:4      | 2552 ||| INVOKING Spit Poison.
  2669 | D:4      | Identified the +3 falchion of Puyhovigu {heavy, Str+4}
  2732 | D:4      | 2732 ||| INVOKING Spit Poison.
  2738 | D:4      | 2738 ||| INVOKING Spit Poison.
  2956 | D:4      | Found a runed translucent door.
  2961 | D:4      | Noticed qw's ghost (amateur GrHu)
  3018 | D:4      | 3018 ||| INVOKING Spit Poison.
  3046 | D:4      | 3046 ||| INVOKING Spit Poison.
  3049 | D:4      | 3049 ||| INVOKING Spit Poison.
  3093 | D:4      | Found a basalt altar of Yredelemnul.
  3229 | D:4      | 3229 ||| UPGRADING to +0 helmet.
  3234 | D:4      | 3234 ||| DROPPING ring of magical power.
  3235 | D:4      | 3235 ||| READING scroll labelled SIFEUVV FOXZE.
  3236 | D:4      | 3236 ||| READING scroll labelled CUOMATWINI.
  3237 | D:4      | 3237 ||| DRINKING 2 blue potions.
  3248 | D:5      | Entered Level 5 of the Dungeon
  3267 | D:5      | Noticed a vampire
  3276 | D:5      | HP: 14/57 [vampire (11)]
  3277 | D:5      | HP: 4/57 [vampire (10)]
  3277 | D:5      | Slain by a vampire

Levels and vault maps discovered:
D:1:      tarquinn_simple_flora_water_e, layout_loops_ring, serial_shops,
          nicolae_shop_stone, hellmonk_ecumenical_altar_arch_garden,
          minmay_split_cup_large
D:2:      layout_loops_ring, basic_altar, uniq_crazy_yiuf_cottage
D:3:      layout_basic, nicolae_elyvilon_temple_path, grunt_ministairs_1,
          minmay_misc_feat_iff, minmay_misc_feat_pillars,
          dreamdust_wishing_well, st_stairs_3
D:4:      layout_rooms, lemuel_coloured_pillars_altar,
          ebering_ghost_reflecting_pool, nicolae_shop_overcharged_wands,
          uniq_robin
D:5:      layout_basic, mainiacjoe_overflow_small_starburst,
          minmay_temple_entry_butterflies, lemuel_flamethrower_1, uniq_menkaure,
          uniq_pikel

Skill      XL: |  1  2  3  4  5  6 |
---------------+-------------------+-----
Ranged Weapons | 4 5 6 |  6.3
Fighting       | 3 4 |  4.0
Dodging        | |  1.5
Stealth        | |  1.5

Action                     |  1- 3 |  4- 6 || total
---------------------------+-------+-------++-------
   Fire: Shortbow          |    79 |   106 ||   185
Ability: Spit Poison       |    29 |    34 ||    63
    Use: Scroll            |     1 |     7 ||     8
         Potion            |     1 |     2 ||     3
 Armour: Leather armour    |     5 |    17 ||    22
  Dodge: Dodged            |    14 |    40 ||    54

Table legend:
 A = Non-vault XP
 B = Vault XP
 C = Vault XP percentage of total XP
 D = Non-vault monster count
 E = Vault monster count
 F = Vault count percentage of total count
                 A         B        C        D         E       F
            +---------+---------+-------+---------+---------+-------
      Total |     479 |      53 |  10.0 |      69 |      21 |  23.3
            +---------+---------+-------+---------+---------+-------
        D:1 |      57 |       8 |  12.3 |      33 |       4 |  10.8
        D:2 |      23 |       0 |   0.0 |       6 |       0 |   0.0
        D:3 |      80 |       7 |   8.0 |      11 |       4 |  26.7
        D:4 |     308 |      38 |  11.0 |      18 |      13 |  41.9
        D:5 |      11 |       0 |   0.0 |       1 |       0 |   0.0
            +---------+---------+-------+---------+---------+-------
